 Dungeon Crawl Stone Soup version 0.20-a0-820-g557356e (webtiles) character file.

178 Musica the Caller (level 5, -1/32 HPs)
             Began as a Barachian Summoner on Mar 4, 2017.
             Slain by a hornet (13 damage)
             ... while paralysed by a hornet
             ... on level 4 of the Dungeon.
             The game lasted 00:16:08 (2406 turns).

Musica the Caller (Barachian Summoner)              Turns: 2406, Time: 00:16:08

Health: -1/32      AC:  3    Str:  9 (10) XL:     5   Next: 58%
Magic:  7/10       EV: -1    Int: 15 (16) God:
Gold:   153        SH:  0    Dex: 10 (12) Spells: 4/12 levels left

rFire    . . .     SeeInvis .   t - +2 dagger (drain)
rCold    . . .     Gourm    .   a - +0 robe
rNeg     . . .     Faith    .   (no shield)
rPois    .         Spirit   .   l - +0 helmet
rElec    .         Reflect  .   (no cloak)
rCorr    .         Harm     .   (no gloves)
MR       .....                  (no boots)
Stlth    ++........             (no amulet)
Regen    0.1/turn               (no ring)
MPRegen  0.2/turn               (no ring)

@: paralysed, lethally poisoned (-1 -> -8), slowed, constricted, slow
A: +LOS, swims, blurry vision 1, frail 1, low mp 1, slowness 1, strong legs 1
a: Hop


You were on level 4 of the Dungeon.
You were very hungry.

You visited 1 branch of the dungeon, and saw 4 of its levels.

You collected 153 gold pieces.

Inventory:

Hand Weapons
 f - a +1 dagger
 k - a +3 whip
 r - a +0 blowgun
 t - a +2 dagger of draining (weapon)
Missiles
 j - 5 tomahawks (quivered)
 m - 9 sling bullets
 o - 3 poisoned needles
 p - 2 throwing nets
Armour
 a - a +0 robe (worn)
 l - a +0 helmet (worn)
Jewellery
 g - an uncursed ring of fire {unknown}
Scrolls
 i - a scroll of identify
 n - a scroll of teleportation {unknown}
Potions
 e - a potion of cancellation
 h - a potion of brilliance
Books
 b - a book of Callings

   Spells                             Type                      Level
   a - Summon Small Mammal            Summoning                    1
   b - Call Imp                       Summoning                    2
   c - Call Canine Familiar           Summoning                    3
   d - Summon Guardian Golem          Hexes/Summoning              3
   e - Summon Lightning Spire         Summoning/Air                4
   f - Summon Ice Beast               Ice/Summoning                4
 q - a book of Maledictions

   Spells                             Type                      Level
   a - Corona                         Hexes                        1
   b - Ensorcelled Hibernation        Hexes/Ice                    2
   c - Confuse                        Hexes                        3
   d - Tukima's Dance                 Hexes                        3
   e - Dazzling Spray                 Conjuration/Hexes            3
Comestibles
 c - 3 bread rations


   Skills:
 + Level 0.8 Fighting
 + Level 1.5 Short Blades
 - Level 2.3 Dodging
 - Level 1.7 Stealth
 * Level 4.2 Spellcasting
 + Level 0.7 Hexes
 + Level 5.9 Summonings


You had 4 spell levels left.
You knew the following spells:

 Your Spells              Type           Power        Failure   Level  Hunger
a - Summon Small Mammal   Summ           ###.         1%          1    None
b - Call Imp              Summ           ###.....     1%          2    ##.....
c - Call Canine Familiar  Summ           ###.....     4%          3    ###....
d - Ensorcelled Hibernat  Hex/Ice        #.....       28%         2    ##.....


Dungeon Overview and Level Annotations

Branches:
Dungeon (4/15)
 Temple: D:4-7

Altars:


Innate Abilities, Weirdness & Mutations

Shadows flee at your approach. (+LOS)
You can swim through water.
You cover ground slowly.
You can hop short distances.
Scrolls take you a little longer to read.
You are frail. (-10% HP)
Your magical capacity is low. (-10% MP)


Message History

The ball python closely misses you. The hornet stings you.
You feel as though you will be slow longer.
The jackal barely misses you. The ball python bites you.
The ball python grabs you. The ball python constricts you.
Casting: Ensorcelled Hibernation
Confirm with . or Enter, or press ? or * to list all spells.
You feel sick. The hornet closely misses you. The jackal bites you.
The ball python closely misses you. The ball python constricts you.
The hornet stings you!!
Ouch! That really hurt!
* * * LOW HITPOINT WARNING * * *
You feel as though you will be slow longer.
The jackal bites you but does no damage.
The ball python bites you but does no damage.
* * * LOW HITPOINT WARNING * * *
The ball python constricts you.
You feel much better.
You feel sick. The hornet stings you!
You suddenly lose the ability to move!
The jackal bites you. The hornet stings you!
You die...

#.....# #.?...#
###.....# ..
##..$....### ...
#..........#
....#.#[.......#
..............#
....#...Sy.....#
......h.@h#
..#....#### #.#.
#


You could see a hornet, a jackal, a ball python and a friendly hound.

Vanquished Creatures
  A dart slug (D:2)
  A leopard gecko (D:2)
  A giant cockroach (D:3)
  2 jackals (D:3)
  4 kobolds
  2 bats
  3 frilled lizards (D:3)
  7 goblins
  7 rats
28 creatures vanquished.

Vanquished Creatures (collateral kills)
  A sky beast (D:3)
  The ghost of smajdalf the Gusty, an amateur TeAE (D:3)
  4 adders
  An ooze (D:1)
  4 worms
  A leopard gecko (D:2)
  An orc (D:3)
  5 bats
  5 giant cockroaches
  5 goblins
  3 hobgoblins
  11 jackals
  6 kobolds
  A quokka (D:2)
  A frilled lizard (D:3)
  3 rats
53 creatures vanquished.

Grand Total: 81 creatures vanquished

Notes
Turn   | Place    | Note
-------+----------+-------------------------------------------
     0 | D:1      | Musica the Barachian Summoner began the quest for the Orb.
     0 | D:1      | Reached XP level 1. HP: 13/13 MP: 3/3
   136 | D:1      | Reached skill level 5 in Summonings
   258 | D:1      | Reached XP level 2. HP: 17/19 MP: 0/5
   511 | D:1      | Learned a level 2 spell: Call Imp
  1008 | D:1      | Reached XP level 3. HP: 14/24 MP: 1/7
  1035 | D:1      | Learned a level 3 spell: Call Canine Familiar
  1311 | D:2      | Learned a level 2 spell: Ensorcelled Hibernation
  1675 | D:3      | Reached XP level 4. HP: 23/30 MP: 5/9
  1880 | D:3      | Noticed smajdalf's ghost (amateur TeAE)
  1891 | D:3      | Killed smajdalf's ghost
  1891 | D:3      | Reached skill level 1 in Short Blades
  2029 | D:3      | Noticed a sky beast
  2039 | D:3      | Killed a sky beast
  2039 | D:3      | Reached XP level 5. HP: 36/36 MP: 4/11
  2047 | D:3      | Gained mutation: Your magical capacity is low. (-10% MP) [mutagenic meat]
  2048 | D:3      | Gained mutation: You are robust. (+10% HP) [mutagenic meat]
  2049 | D:3      | Lost mutation: You are robust. (+10% HP) [mutagenic meat]
  2050 | D:3      | Gained mutation: Scrolls take you a little longer to read. [mutagenic meat]
  2051 | D:3      | Gained mutation: You are frail. (-10% HP) [mutagenic meat]
  2155 | D:4      | Noticed a hornet
  2405 | D:4      | HP: 1/32 [ball python (1)]
  2406 | D:4      | Paralysed by a hornet for 2 turns
  2406 | D:4      | Slain by a hornet

Vault maps used:
D:1:      dpeg_arrival_pits
D:4:      first_bread, uniq_grinder

Skill      XL: |  1  2  3  4 |
---------------+-------------+-----
Summonings     | 5 |  5.9
Spellcasting   | 3 4 |  4.2
Short Blades   | 1 |  1.5
Fighting       | |  0.8
Dodging        | |  2.3
Stealth        | |  1.7
Hexes          | |  0.7

Action                   |  1- 3 |  4- 6 || total
-------------------------+-------+-------++-------
Melee: Unarmed           |    10 |       ||    10
       Dagger            |   120 |    43 ||   163
       Whip              |       |     1 ||     1
Throw: Tomahawk          |     5 |       ||     5
 Cast: Summon Small Mamm |    27 |       ||    27
       Call Imp          |    13 |     5 ||    18
       Call Canine Famil |     8 |     6 ||    14
       Ensorcelled Hiber |     1 |     3 ||     4
  Use: Scroll            |     5 |     4 ||     9
       Potion            |       |     7 ||     7
 Stab: Sleeping          |     3 |     5 ||     8
       Distracted        |     1 |       ||     1
  Eat: Chunk             |     5 |     6 ||    11
       Fruit             |       |     2 ||     2
Armor: Robe              |    48 |    17 ||    65
Dodge: Dodged            |   135 |    35 ||   170
